 Dungeon Crawl Stone Soup version 0.30.0-15-g856e2d3f33 (webtiles) character file.

Game seed: 3083480487192054183

53 hito the Chopper (level 3, -1/33 HPs)
             Began as a Hill Orc Monk on May 18, 2023.
             Killed from afar by Sigmund (8 damage)
             ... with a magic dart
             ... on level 2 of the Dungeon.
             The game lasted 00:02:32 (1681 turns).

hito the Chopper (Hill Orc Monk)                    Turns: 1681, Time: 00:02:33

Health: -1/33      AC:  2    Str: 15    XL:     3   Next: 89%
Magic:  3/3        EV: 12    Int: 10    God:
Gold:   49         SH:  0    Dex: 13    Spells: 2/2 levels left

rFire   . . .        a - +0 hand axe
rCold   . . .        d - orb {light}
rNeg    . . .        b - +0 robe
rPois   .            (no helmet)
rElec   .            (no cloak)
rCorr   .            (no gloves)
SInv    .            (no boots)
Will    .....        (no amulet)
Stlth   +            (no ring)
HPRegen 0.25/turn    (no ring)
MPRegen 0.08/turn

%: no passive effects
@: glowing
A: no striking features
a: no special abilities


You were on level 2 of the Dungeon.
You visited 1 branch of the dungeon, and saw 2 of its levels.

You collected 49 gold pieces.

Inventory:

Hand Weapons
 a - a +0 hand axe (weapon)
Armour
 b - a +0 robe (worn)
 d - an orb of light (worn)
Scrolls
 e - a scroll of amnesia {unknown}
 f - 2 scrolls of identify {unknown}
 g - 2 scrolls of teleportation {unknown}
Potions
 c - a potion of ambrosia


   Skills:
 - Level 4.0 Fighting
 + Level 6.0 Axes
 - Level 2.4 Dodging


You had 2 spell levels left.
You didn't know any spells.
Your spell library was empty.

Dungeon Overview and Level Annotations

Branches:
Dungeon (2/15)

Altars:

Shops:
D:1 =([[*   D:2 :

Annotations:
D:2 Sigmund


Message History

The puff of flame hits you.
You hit Sigmund but do no damage.
Sigmund is heavily wounded.
Sigmund barely misses you.
You hit Sigmund.
Sigmund is severely wounded.
You hit Sigmund but do no damage.
Sigmund is severely wounded.
Sigmund gestures at you while chanting.
You are confused.
You're too confused to move!
Sigmund misses you.
You barely miss Sigmund.
Sigmund is severely wounded.
Sigmund barely misses you.
You're too confused to move!
You bump into the rock wall.
Sigmund hits you but does no damage.
Sigmund points at you and mumbles some strange words.
You are more confused.
Okay, then.
You hit Sigmund.
Sigmund is almost dead.
Sigmund hits you but does no damage.
You bump into the rock wall.
You hit Sigmund but do no damage.
Sigmund is almost dead.
Sigmund gestures at you while chanting. The magic dart hits you!
You hit Sigmund but do no damage.
Sigmund is almost dead.
Sigmund hits you with a +0 scythe!
* * * LOW HITPOINT WARNING * * *
Sigmund hits you with a +0 scythe.
* * * LOW HITPOINT WARNING * * *
You closely miss Sigmund.
Sigmund is almost dead.
You feel less confused. Sigmund barely misses you.
Sigmund gestures at you while chanting. The magic dart hits you!
You die...

# #.# #.......# #.#..
#### #.#
#########...### #...#
...#####.#
..............# ##(##
#........#
####.#<..#...# #.##
##.####### ##.
##.#.....# #.## ### #.#
##..#..#.###.## #
#..###...#..........
#.##.#.#.#..##.#.###.##
#....@@.........## #.#
####.######....# #.#
#.# #### #†# #.####
##.## #....# #....
####.# #.#.# #.# #.#.#
#.# #...# #.# #######
#.###


You could see Sigmund (invisible).

Vanquished Creatures
  An adder (D:2)
  3 dart slugs
  3 bats
  2 endoplasms (D:2)
  A giant cockroach (D:1)
  3 goblins (D:2)
  6 hobgoblins
  2 jackals (D:2)
  2 quokkas
  4 ball pythons
  3 frilled lizards
  4 kobolds
  2 rats
36 creatures vanquished.

Notes
Turn   | Place    | Note
-------+----------+-------------------------------------------
     0 | D:1      | hito the Hill Orc Monk began the quest for the Orb.
     0 | D:1      | Reached XP level 1. HP: 19/19 MP: 1/1
   316 | D:1      | Found Syiss's Antique Armour Shoppe.
   327 | D:1      | Found Coav's Weapon Shoppe.
   328 | D:1      | Found Lelysic's Jewellery Boutique.
   367 | D:1      | Reached XP level 2. HP: 27/27 MP: 2/2
   679 | D:1      | Found Elutaph's Assorted Antiques.
   768 | D:1      | Found Vuvazoso's Antique Armour Shop.
   962 | D:2      | Reached skill level 5 in Axes
  1041 | D:2      | Reached XP level 3. HP: 21/33 MP: 3/3
  1438 | D:2      | Found Biukkuynt's Book Emporium.
  1565 | D:2      | Noticed Sigmund
  1573 | D:1      | Reached skill level 6 in Axes
  1681 | D:2      | Killed from afar by Sigmund

Illustrated notes

Levels and vault maps discovered:
D:1:      dpeg_arrival_rhombi, layout_basic, serial_shops,
          nicolae_shop_statue_plus, shop, nicolae_shop_tiny_waterfront,
          nicolae_shop_dealshenge, nicolae_shop_bloodbath_and_beyond
D:2:      layout_loops_cross, serial_shops, shop, basic_altar,
          minmay_misc_feat_alley, minmay_lizard_king, uniq_sigmund

Skill      XL: |  1  2  3 |
---------------+----------+-----
Fighting       | 4 |  4.0
Axes           | 5 6 |  6.0
Dodging        | |  2.4

Action                     || total
---------------------------++-------
  Melee: Hand axe          ||   132
    Use: Potion            ||     1
 Armour: Robe              ||    20
  Dodge: Dodged            ||    88
